 Dungeon Crawl Stone Soup version 0.20.1-1-g8b1a95d (webtiles) character file.

335 homeworkjunkie the Chopper (level 6, -3/82 HPs)
             Began as a Hill Orc Fighter on Dec 19, 2017.
             Slain by a killer bee (6 damage)
             ... on level 4 of the Dungeon.
             The game lasted 00:06:17 (3604 turns).

homeworkjunkie the Chopper (Hill Orc Fighter)       Turns: 3604, Time: 00:06:17

Health: -3/82      AC: 10    Str: 25    XL:     6   Next: 53%
Magic:  6/6        EV:  8    Int:  8    God:
Gold:   130        SH: 11    Dex: 19    Spells: 5/5 levels left

rFire    . . .     SeeInvis .   a - +0 war axe
rCold    . . .     Gourm    .   c - +0 shield
rNeg     . . .     Faith    .   b - +1 scale mail
rPois    +         Spirit   .   (no helmet)
rElec    .         Reflect  .   (no cloak)
rCorr    .         Harm     .   (no gloves)
MR       .....                  l - +1 pair of boots of Claustrophobia {Dex+8 Slay-5 Stlth+}
Stlth    ..........             (no amulet)
Regen    0.3/turn               e - ring of poison resistance
MPRegen  0.1/turn               j - ring of stealth

@: berserking, very quick
A: no striking features
a: no special abilities


You were on level 4 of the Dungeon.
You were not hungry.

You visited 1 branch of the dungeon, and saw 5 of its levels.

You collected 130 gold pieces.

Inventory:

Hand Weapons
 a - a +0 war axe (weapon)
Armour
 b - a +1 scale mail (worn)
 c - a +0 shield (worn)
 l - the +1 pair of boots of Claustrophobia (worn) {Dex+8 Slay-5 Stlth+}
   (You found it on level 5 of the Dungeon)

   It affects your dexterity (+8).
   It affects your accuracy and damage with ranged weapons and melee attacks
   (-5).
   It makes you more stealthy.
Jewellery
 e - a ring of poison resistance (left hand)
 j - a ring of stealth (right hand)
Scrolls
 d - a scroll of identify
 i - 2 scrolls of teleportation
 k - a scroll of blinking {unknown}
 m - a scroll of amnesia {unknown}
Comestibles
 g - a meat ration
 h - 2 bread rations


   Skills:
 * Level 4.9 Fighting
 * Level 5.9 Axes
 * Level 4.4 Armour
 + Level 0.7 Dodging
 + Level 0.1 Stealth
 * Level 4.3 Shields


You had 5 spell levels left.
You didn't know any spells.

Dungeon Overview and Level Annotations

Branches:
Dungeon (5/15)
 Temple: D:4-7

Altars:
Elyvilon

Annotations:
D:5 Menkaure; Tiamon's ghost, novice DrCj


Message History

You block the killer bee's attack. The killer bee barely misses you.
The killer bee stings you.
* * * LOW HITPOINT WARNING * * *
You block the killer bee's attack.
The killer bee stings you but does no damage.
The killer bee stings you!
* * * LOW HITPOINT WARNING * * *
You miss the killer bee. You closely miss the killer bee.
You slash the killer bee! You closely miss the killer bee.
You block the killer bee's attack. The killer bee barely misses you.
The killer bee stings you but does no damage.
The killer bee stings you!
* * * LOW HITPOINT WARNING * * *
You closely miss the killer bee. You miss the killer bee.
You slash the killer bee! You miss the killer bee.
You block the killer bee's attack. x2
The killer bee stings you but does no damage.
The killer bee barely misses you. You block the killer bee's attack. x2
The killer bee stings you.
You die...

..#....[).........
..#......................
..#......................
..#......................
..######................
.รท##...##'####+##(....#
...#............#S....#
...'............#y....#
...#...........y@yy...#
..##...##..(...y#y....#
..##...##.......#.....#
...#...####+###+#.....#
...'...##...##....#####
..##...##....'....#
..##...##....#....#
..#..........#....#
..#..........#....#


You could see 6 killer bees and a ball python.

Vanquished Creatures
  A howler monkey (D:4)
  An orc wizard (D:3)
  A hound (D:4)
  An iguana (D:4)
  2 worker ants
  5 adders
  An ooze (D:1)
  3 worms (D:2)
  3 dart slugs
  2 leopard geckos
  8 orcs
  2 ball pythons (D:1)
  5 bats
  A giant cockroach (D:1)
  9 goblins
  11 hobgoblins
  6 jackals
  4 quokkas
  9 frilled lizards
  7 kobolds
  A quokka skeleton (D:4)
  8 rats
91 creatures vanquished.

Notes
Turn   | Place    | Note
-------+----------+-------------------------------------------
     0 | D:1      | homeworkjunkie the Hill Orc Fighter began the quest for the Orb.
     0 | D:1      | Reached XP level 1. HP: 19/19 MP: 1/1
    56 | D:2      | Reached XP level 2. HP: 14/27 MP: 2/2
   263 | D:2      | Reached skill level 3 in Axes
   294 | D:1      | Reached XP level 3. HP: 29/33 MP: 3/3
   569 | D:2      | Reached XP level 4. HP: 40/40 MP: 4/4
   650 | D:2      | Reached skill level 4 in Axes
  2631 | D:3      | Found a white marble altar of Elyvilon.
  2650 | D:3      | Reached XP level 5. HP: 30/47 MP: 5/5
  2970 | D:3      | Reached skill level 5 in Axes
  3102 | D:4      | Reached XP level 6. HP: 43/53 MP: 6/6
  3106 | D:5      | Entered Level 5 of the Dungeon
  3106 | D:5      | Noticed Tiamon's ghost (novice DrCj)
  3109 | D:5      | Got a pair of jewelled boots
  3112 | D:5      | Noticed Menkaure
  3118 | D:4      | Identified the +1 pair of boots of Claustrophobia {Dex+8 Slay-5 Stlth+} (You found it on level 5 of the Dungeon)
  3603 | D:4      | HP: 2/82 [killer bee (7)]
  3604 | D:4      | Slain by a killer bee

Skill      XL: |  1  2  3  4  5 |
---------------+----------------+-----
Axes           | 3 4 5 |  5.9
Fighting       | 4 |  4.9
Shields        | 4 |  4.3
Armour         | 4 |  4.4
Dodging        | |  0.7
Stealth        | |  0.1

Action                   |  1- 3 |  4- 6 || total
-------------------------+-------+-------++-------
Melee: War axe           |    82 |   227 ||   309
  Use: Scroll            |       |     5 ||     5
       Potion            |       |     4 ||     4
 Stab: Sleeping          |       |     1 ||     1
  Eat: Meat ration       |       |     1 ||     1
       Bread ration      |       |     1 ||     1
Armor: Scale mail        |    51 |   110 ||   161
Dodge: Dodged            |    25 |    80 ||   105
Block: Shield            |    51 |   139 ||   190
